 Dungeon Crawl Stone Soup version 0.20.1-1-g8b1a95d (webtiles) character file.

302042 Kosschaser the Executioner (level 21, -7/180 HPs)
             Began as a Hill Orc Berserker on July 8, 2017.
             Was a Priest of Makhleb.
             Mangled by a stone giant (16 damage)
             ... created by the rage of Trog
             ... on level 2 of the Elven Halls.
             The game lasted 03:05:53 (34335 turns).

Kosschaser the Executioner (Hill Orc Berserker)    Turns: 34335, Time: 03:05:55

Health: -7/180     AC: 28    Str: 23    XL:     21   Next: 5%
Magic:  0/20       EV: 18    Int:  7    God:    Makhleb [***...]
Gold:   2800       SH: 13    Dex: 17    Spells: 25/25 levels left

rFire    + + .     SeeInvis +   O - +9 war axe (vamp)
rCold    . . .     Gourm    .   k - +3 buckler {rF+}
rNeg     . . .     Faith    .   D - +4 plate armour {rF+}
rPois    .         Spirit   +   (helmet restricted)
rElec    .         Reflect  .   K - +2 cloak
rCorr    .         Harm     .   U - +1 pair of gloves "Rostuetz" {Regen+}
MR       ++...                  a - +0 pair of boots
Stlth    ..........             I - amulet of guardian spirit
Regen    0.8/turn               w - +5 ring of evasion
MPRegen  0.2/turn               h - ring of protection from magic

@: very slightly contaminated
A: horns 1, see invisible, frail 1, low mp 2, sense surroundings 1, no potion
heal 1
}: 2/15 runes: serpentine, barnacled
a: Minor Destruction, Lesser Servant of Makhleb, Renounce Religion


You were on level 2 of the Elven Halls.
You worshipped Makhleb.
Makhleb was most pleased with you.
You were hungry.

You visited 8 branches of the dungeon, and saw 33 of its levels.
You visited the Abyss 1 time.
You also visited: Bailey and Volcano.

You collected 3172 gold pieces.
You spent 372 gold pieces at shops.

Inventory:

Hand Weapons
 A - a +5 broad axe of electrocution
 E - a +2 hand axe of venom
 O - a +9 vampiric war axe (weapon)
 W - a +5 antimagic war axe
Armour
 a - a +0 pair of boots (worn)
 k - a +3 buckler of fire resistance (worn)
 D - a +4 plate armour of fire resistance (worn)
 K - a +2 cloak (worn)
 N - a +2 helmet
 U - the +1 pair of gloves "Rostuetz" (worn) {Regen+}
   (You found it on level 2 of the Snake Pit)

   It increases your rate of regeneration.
Jewellery
 h - a ring of protection from magic (right hand)
 s - an uncursed ring of flight
 w - a +5 ring of evasion (left hand)
 I - an amulet of guardian spirit (around neck)
 V - an uncursed ring of poison resistance
Wands
 i - a wand of digging (14/24)
 t - a wand of iceblast (8/15)
 x - a wand of lightning (6/15)
 J - a wand of disintegration (12/24)
 M - a wand of digging (9/24)
 T - a wand of clouds (4/9)
 Y - a wand of disintegration (7/24)
Scrolls
 e - 4 scrolls of fog
 f - 2 scrolls of magic mapping
 g - 3 scrolls of blinking
 j - 16 scrolls of teleportation
 l - 7 scrolls of recharging
 o - 2 scrolls of enchant armour
 p - a scroll of identify
 q - 2 scrolls of enchant weapon
 u - a scroll of silence
 v - 2 scrolls of brand weapon
 y - 2 scrolls of fear
 z - 12 scrolls of remove curse
 B - 6 scrolls of amnesia
Potions
 b - 5 potions of agility
 d - 12 potions of curing
 r - a potion of haste
 F - 3 potions of ambrosia
 H - 4 potions of might
 L - 2 potions of berserk rage
 Q - 2 potions of magic
 R - 6 potions of resistance
 S - 7 potions of flight
 X - a potion of brilliance
 Z - 7 potions of heal wounds
Comestibles
 c - 16 bread rations
 m - 18 royal jellies
 n - 8 meat rations
 C - 31 fruits
 G - 3 chunks of flesh


   Skills:
 + Level 19.7 Fighting
 + Level 22.1 Axes
 + Level 15.1 Armour
 + Level 9.4 Dodging
 + Level 21.0 Shields
 + Level 2.7 Spellcasting
   Level 4.0 Fire Magic
 + Level 3.4 Evocations


You had 25 spell levels left.
You didn't know any spells.

Dungeon Overview and Level Annotations

Branches:
Dungeon (13/15)            Temple (1/1) D:7            Lair (6/6) D:11
 Shoals (4/4) Lair:2        Snake (4/4) Lair:4        Slime (0/5) Lair:5
    Orc (2/2) D:12            Elf (2/3) Orc:2        Vaults (1/5) D:13

Altars:
Ashenzari
Cheibriados
Dithmenos
Elyvilon
Fedhas
Gozag
Hepliaklqana
Kikubaaqudgha
Makhleb
Nemelex Xobeh
Okawaru
Qazlal
Ru
Sif Muna
Trog
Uskayaw
Vehumet
Xom
Yredelemnul
Zin
The Shining One
Beogh
Jiyva

Shops:
D:7 ?   Orc:2 ?*:[   Elf:1 *   Elf:2 (   Shoals:3 *%*(   Snake:1 }==
Snake:3 [*[

Portals:
Trove: Elf:2 (give 2 scrolls of acquirement)

Annotations:
Elf:2 1 runed door


Innate Abilities, Weirdness & Mutations

You have a pair of small horns on your head.
You have supernaturally acute eyesight. (SInv)
You are frail. (-10% HP)
Your magical capacity is very low. (-20% MP)
You passively map a small area around you.
Potions are less effective at restoring your health.


Message History

The polar bear completely misses you. You block the polar bear's attack.
The polar bear claws you but does no damage.
The stone giant hits you but does no damage.
The stone giant closely misses you. The polar bear completely misses you.
The polar bear misses you. You block the polar bear's attack.
You hit the stone giant.
The stone giant is almost dead.
You hit the stone giant. You slash the polar bear!
You block the stone giant's attack. x2
The polar bear bites you but does no damage.
The polar bear completely misses you. The polar bear misses you.
Unknown command.
You hit the stone giant but do no damage.
You headbutt the stone giant.
The stone giant is almost dead.
You slash the polar bear!
You feel better.
You hit the stone giant. The stone giant hits you!!!
* * * LOW HITPOINT WARNING * * *
The stone giant hits you!
You die...

...................))).#
##.....
.................).)()##
######
..........e........))##
...#)............#...##
..###...........###...##
.## ##.......E.## ##...#
..###...........###...##
...#...........h.#...##
..............CC@....#
...)...........C......#
.......................#
.......)..#...........##
.......).###.........##
......)).###.........#
..........#...........#
.......................
#########
........)...........
#........


You could see 2 stone giants, a deep elf knight, a cyclops (berserk), a polar
bear (berserk) and a water elemental.

Vanquished Creatures
  Vashnia (Snake:3)
  Nikola (Shoals:4)
  Jorgrun (Snake:3)
  Rupert (Lair:4)
  A kraken (Shoals:2)
  Gastronok (Lair:2)
  Kirke (Lair:4)
  18 nagarajas
  Ilsuiw (Shoals:4)
  Louise (Snake:1)
  2 ironheart preservers (Vaults:1)
  Azrael (Snake:3)
  A deep elf demonologist (Elf:2)
  A deep elf annihilator (Vaults:1)
  Snorg (Lair:3)
  The ghost of ShornTheSheep the Protected, a journeyman GrBe of Trog (Lair:4)
  A deep elf death mage (Vaults:1)
  3 merfolk javelineers (Shoals:4)
  Josephine (Snake:1)
  A fire dragon (Volcano)
  12 merfolk impalers
  6 hydras
  17 naga warriors
  5 merfolk avatars
  11 anacondas
  Erica (D:11)
  An alligator snapping turtle (Shoals:2)
  4 merfolk aquamancers (Shoals:4)
  15 dancing weapons (Elf:2)
  22 two-headed ogres
  5 satyrs
  4 ogre magi (Orc:2)
  10 naga sharpshooters
  Urug (Lair:2)
  2 orc high priests
  A hell hog (Volcano)
  8 shock serpents
  Nergalle (Lair:4)
  9 deep elf knights
  2 fire crabs (Shoals:2)
  14 sea snakes
  A deep troll (Elf:2)
  2 salamander mystics (Snake:3)
  A large abomination (Abyss:2)
  An unseen horror (D:12)
  11 naga ritualists
  Pikel (D:6)
  A wizard (D:13)
  5 harpies (Shoals:1)
  9 deep elf archers
  2 orc knights
  An oklob plant (D:11)
  14 salamanders
  48 deep elf magi
  2 ugly things
  10 mana vipers
  6 manticores
  26 fauns
  An orc sorcerer (Orc:1)
  4 cyclopes
  Maurice (D:8)
  13 elephants
  The ghost of Timinator the Geomancer, a novice GrEE of Vehumet (Bailey)
  11 merfolk sirens
  38 black mambas
  The ghost of Oedheimer the Chopper, a novice MiFi of Okawaru (D:4)
  15 guardian serpents
  An ice statue (D:11)
  2 molten gargoyles (Volcano)
  2 water nymphs (Shoals:3)
  A gargoyle (D:13)
  11 spiny frogs
  Joseph (D:7)
  19 naga magi
  5 komodo dragons
  3 rime drakes
  8 trolls
  41 merfolk
  3 polar bears
  3 wind drakes
  5 hornets
  A raiju (shapeshifter) (D:13)
  Prince Ribbit (D:6)
  9 blink frogs
  A meliai zombie (D:13)
  5 dream sheep
  8 snapping turtles
  11 hippogriffs
  11 water elementals
  4 air elementals
  An ice dragon skeleton (Abyss:2)
  A redback (shapeshifter) (Elf:1)
  4 wraiths (Snake:1)
  2 wyverns
  3 fire elementals
  3 hogs (Lair:4)
  11 spriggans
  44 yaks
  12 fire bats
  A basilisk (Lair:4)
  Grum (D:8)
  A steam dragon (Volcano)
  3 hungry ghosts
  3 wargs
  4 vampire mosquitoes
  55 nagas
  A soldier ant (D:13)
  9 water moccasins
  An acid dragon (D:13)
  3 hell hounds (Snake:3)
  4 porcupines
  9 black bears
  2 phantoms
  31 orc warriors
  19 ice beasts
  4 slaves (D:6)
  2 eyes of draining
  29 wolves
  31 ogres
  23 centaurs
  5 boggarts (Lair:6)
  4 crocodiles
  3 big kobolds
  2 earth elementals
  21 bullfrogs
  4 scorpions
  11 killer bees
  5 wights (D:11)
  8 electric eels
  2 vampire bats (D:9)
  8 crimson imps
  A bullfrog zombie (D:11)
  2 centaur zombies
  5 lava snakes (Volcano)
  A quasit (D:11)
  6 hounds
  2 jellies
  16 orc priests
  2 bullfrog skeletons
  7 iguanas
  An iron imp (Abyss:2)
  4 centaur skeletons
  Natasha (twice) (D:3)
  10 orc wizards
  5 worker ants
  A hound zombie (D:11)
  3 hound skeletons
  4 worker ant zombies
  16 adders
  5 gnolls
  4 shadow imps
  2 oozes
  An adder zombie (D:5)
  3 worms
  2 dart slugs (D:1)
  5 leopard geckos
  121 orcs
  2 bat skeletons (D:9)
  3 bat zombies (D:9)
  5 giant cockroaches
  19 goblins
  9 hobgoblins
  11 jackals
  6 quokkas
  A ball python (D:6)
  10 bats
  4 frilled lizards
  14 kobolds
  5 rats
  6 fungi
  29 plants
  A tentacle (Shoals:2)
1319 creatures vanquished.

Vanquished Creatures (collateral kills)
  A frost giant (D:11)
  2 hydras
  A naga sharpshooter (Snake:3)
  An orc knight (D:11)
  A salamander (Snake:3)
  A black bear (Lair:6)
  An orc warrior (D:11)
  An ice beast (D:11)
9 creatures vanquished.

Vanquished Creatures (others)
  The ghost of Toogi the Nimble, a journeyman SpEn of Gozag (Volcano)
  A two-headed ogre (Orc:2)
  2 merfolk aquamancers (Shoals:4)
  A sea snake (Shoals:4)
  A deep elf mage (Elf:1)
  2 black mambas
  A merfolk (Shoals:4)
  A naga (Snake:1)
  Natasha (D:3)
  9 fungi
  30 plants
  14 tentacles (Shoals:2)
64 creatures vanquished.

Grand Total: 1392 creatures vanquished

Notes
Turn   | Place    | Note
-------+----------+-------------------------------------------
     0 | D:1      | Kosschaser the Hill Orc Berserker began the quest for the Orb.
     0 | D:1      | Reached XP level 1. HP: 19/19 MP: 1/1
   104 | D:1      | Reached XP level 2. HP: 24/27 MP: 2/2
   434 | D:1      | Reached XP level 3. HP: 27/33 MP: 3/3
   783 | D:2      | Reached ** piety under Trog
  1112 | D:2      | Reached skill level 5 in Axes
  1444 | D:2      | Reached XP level 4. HP: 40/40 MP: 4/4
  1803 | D:3      | Reached skill level 1 in Shields
  2153 | D:3      | Reached XP level 5. HP: 37/46 MP: 5/5
  2395 | D:3      | Noticed Natasha
  2417 | D:3      | Killed Natasha
  2427 | D:3      | Noticed Natasha
  2448 | D:3      | Killed Natasha
  2697 | D:3      | Noticed Natasha
  2710 | D:3      | Killed Natasha
  2710 | D:3      | Reached skill level 6 in Axes
  2815 | D:4      | Noticed Oedheimer's ghost (novice MiFi)
  2906 | D:4      | Killed Oedheimer's ghost
  2906 | D:4      | Reached skill level 5 in Fighting
  2906 | D:4      | Reached skill level 7 in Axes
  2906 | D:4      | Reached XP level 6. HP: 39/56 MP: 6/6
  2906 | D:4      | Reached XP level 7. HP: 43/61 MP: 7/7
  3622 | D:5      | Entered Level 5 of the Dungeon
  3810 | D:4      | Reached skill level 8 in Axes
  3942 | D:5      | Reached *** piety under Trog
  4070 | D:5      | Found a radiant altar of Vehumet.
  4291 | D:5      | Reached XP level 8. HP: 60/69 MP: 8/8
  4299 | D:5      | Got a brightly glowing dagger {pierce}
  4301 | D:5      | Identified the +6 dagger "Viogutuong" {pierce, *Corrode rPois Dex+2} (You took it off an orc on level 5 of the Dungeon)
  4714 | D:5      | Found a snail-covered altar of Cheibriados.
  4715 | D:5      | Found a hide-covered altar of Uskayaw.
  4794 | D:6      | Reached skill level 9 in Axes
  4801 | D:6      | Found a radiant altar of Vehumet.
  4803 | D:6      | Noticed Pikel
  4824 | D:6      | Killed Pikel
  4824 | D:6      | Reached skill level 10 in Axes
  4824 | D:6      | Reached XP level 9. HP: 75/75 MP: 9/9
  5163 | D:6      | Noticed Prince Ribbit
  5182 | D:6      | Killed Prince Ribbit
  5182 | D:6      | Reached skill level 5 in Armour
  5182 | D:6      | Reached skill level 5 in Shields
  5503 | D:6      | Reached **** piety under Trog
  5902 | D:6      | Reached skill level 11 in Axes
  6003 | D:7      | Found Nara's Magic Scroll Shop.
  6007 | D:7      | Found a staircase to the Ecumenical Temple.
  6045 | Temple   | Entered the Ecumenical Temple
  6080 | D:7      | Bought a scroll of enchant weapon for 112 gold pieces
  6080 | D:7      | Bought a scroll of identify for 30 gold pieces
  6166 | D:7      | Found a stormy altar of Qazlal.
  6177 | D:7      | Noticed Joseph
  6192 | D:7      | Killed Joseph
  6384 | D:7      | Reached XP level 10. HP: 78/86 MP: 10/10
  6609 | D:8      | Noticed a two-headed ogre
  6622 | D:8      | Killed a two-headed ogre
  6700 | D:8      | Noticed Maurice
  6720 | D:8      | Killed Maurice
  6720 | D:8      | Reached skill level 12 in Axes
  6778 | D:8      | Reached ***** piety under Trog
  6986 | D:8      | Noticed Grum
  7013 | D:8      | Killed Grum
  7035 | D:8      | Noticed a two-headed ogre
  7063 | D:8      | Killed a two-headed ogre
  7063 | D:8      | Reached skill level 5 in Dodging
  7221 | D:9      | Found a white marble altar of Elyvilon.
  7226 | D:9      | Reached skill level 13 in Axes
  7227 | D:9      | Received a gift from Trog
  7227 | D:9      | Reached XP level 11. HP: 44/95 MP: 11/11
  7448 | D:9      | Noticed a two-headed ogre
  7459 | D:9      | Killed a two-headed ogre
  8010 | D:9      | Found an ancient bone altar of Kikubaaqudgha.
  8224 | D:10     | Entered Level 10 of the Dungeon
  8581 | D:10     | Reached skill level 14 in Axes
  8711 | D:10     | Found a blossoming altar of Fedhas.
  8748 | D:10     | Found a stormy altar of Qazlal.
  8964 | D:11     | Noticed a red ugly thing
  8966 | D:11     | Noticed a two-headed ogre
  8984 | D:11     | Killed a two-headed ogre
  9001 | D:11     | Killed a red ugly thing
  9008 | D:11     | Gained mutation: Your flesh is heat resistant. (rF+) [mutagenic meat]
  9185 | D:11     | Noticed a two-headed ogre
  9200 | D:11     | Killed a two-headed ogre
  9373 | D:11     | Noticed an oklob plant
  9375 | D:11     | Found a staircase to the Lair.
  9381 | D:11     | Received a gift from Trog
  9417 | D:11     | Killed an oklob plant
  9444 | D:11     | Noticed Erica
  9464 | D:11     | Killed Erica
  9464 | D:11     | Reached XP level 12. HP: 71/106 MP: 3/12
  9541 | D:11     | Reached skill level 10 in Shields
  9711 | D:11     | Reached skill level 10 in Fighting
  9929 | D:11     | Found a roughly hewn altar of Beogh.
 10822 | D:11     | Lost mutation: Your flesh is heat resistant. (rF+) [potion of mutation]
 10822 | D:11     | Gained mutation: You tend to lose your temper in combat. [potion of mutation]
 10822 | D:11     | Gained mutation: You occasionally shout uncontrollably at your foes. [potion of mutation]
 10822 | D:11     | Gained mutation: You are partially covered in molten scales. (AC +2) [potion of mutation]
 10822 | D:11     | Gained mutation: You are agile. (Dex +2) [potion of mutation]
 10824 | D:11     | HP: 4/159 [electric eel/bolt of electricity (10)]
 10828 | D:11     | Reached skill level 15 in Axes
 11185 | D:11     | Lost mutation: You tend to lose your temper in combat. [potion of mutation]
 11185 | D:11     | Lost mutation: You occasionally shout uncontrollably at your foes. [potion of mutation]
 11185 | D:11     | Lost mutation: You are partially covered in molten scales. (AC +2) [potion of mutation]
 11185 | D:11     | Lost mutation: You are agile. (Dex +2) [potion of mutation]
 11185 | D:11     | Gained mutation: Your muscles are strong. (Str +2) [potion of mutation]
 11185 | D:11     | Gained mutation: You are frail. (-10% HP) [potion of mutation]
 11185 | D:11     | Gained mutation: You are resistant to hostile enchantments. (MR+) [potion of mutation]
 11185 | D:11     | Gained mutation: You are partially covered in thin metallic scales. (AC +2) [potion of mutation]
 11186 | D:11     | Lost mutation: You are partially covered in thin metallic scales. (AC +2) [potion of mutation]
 11186 | D:11     | Lost mutation: You are resistant to hostile enchantments. (MR+) [potion of mutation]
 11186 | D:11     | Lost mutation: You are frail. (-10% HP) [potion of mutation]
 11187 | D:11     | Lost mutation: Your muscles are strong. (Str +2) [potion of mutation]
 11187 | D:11     | Gained mutation: Your spells are a little harder to cast, but a little more powerful. [potion of mutation]
 11187 | D:11     | Gained mutation: You are robust. (+10% HP) [potion of mutation]
 11188 | D:11     | Lost mutation: Your spells are a little harder to cast, but a little more powerful. [potion of mutation]
 11188 | D:11     | Lost mutation: You are robust. (+10% HP) [potion of mutation]
 11188 | D:11     | Gained mutation: Your body sometimes deteriorates upon taking damage. [potion of mutation]
 11188 | D:11     | Gained mutation: You are clumsy. (Dex -2) [potion of mutation]
 11188 | D:11     | Gained mutation: You are partially covered in slimy green scales. (AC +2) [potion of mutation]
 11204 | D:11     | Noticed a frost giant
 11566 | D:12     | Found a staircase to the Orcish Mines.
 11639 | D:12     | Noticed a four-headed hydra
 11717 | D:13     | Found a flagged portal.
 11727 | Bailey   | Entered a bailey
 11727 | Bailey   | Noticed Timinator's ghost (novice GrEE)
 11752 | Bailey   | Killed Timinator's ghost
 11752 | Bailey   | Reached skill level 1 in Evocations
 11906 | Bailey   | Reached ****** piety under Trog
 12011 | Bailey   | Received a gift from Trog
 12587 | D:13     | Gained mutation: You are very clumsy. (Dex -4) [mutagenic meat]
 12588 | D:13     | Gained mutation: You tend to lose your temper in combat. [mutagenic meat]
 12589 | D:13     | Gained mutation: Your spells are a little harder to cast, but a little more powerful. [mutagenic meat]
 13046 | D:13     | Reached XP level 13. HP: 115/115 MP: 13/13
 13091 | D:13     | Found a gate to the Vaults.
 13533 | D:13     | Lost mutation: Your body sometimes deteriorates upon taking damage. [mutagenic meat]
 13534 | D:13     | Gained mutation: Your magical capacity is low. (-10% MP) [mutagenic meat]
 13535 | D:13     | Lost mutation: You are very clumsy. (Dex -4) [mutagenic meat]
 13536 | D:13     | Gained mutation: You often lose your temper in combat. [mutagenic meat]
 14039 | D:12     | Reached skill level 16 in Axes
 14101 | D:12     | Lost mutation: You are clumsy. (Dex -2) [potion of mutation]
 14101 | D:12     | Lost mutation: You often lose your temper in combat. [potion of mutation]
 14101 | D:12     | Gained mutation: You are weak. (Str -2) [potion of mutation]
 14101 | D:12     | Lost mutation: You are weak. (Str -2) [potion of mutation]
 14101 | D:12     | Gained mutation: You passively map a small area around you. [potion of mutation]
 14184 | D:11     | Killed a frost giant
 14533 | D:11     | Noticed an ice dragon
 14855 | D:11     | Received a gift from Trog
 14904 | D:11     | Identified a scroll of acquirement
 14910 | D:11     | Reached skill level 1 in Spellcasting
 14910 | D:11     | Reached XP level 14. HP: 124/124 MP: 12/14
 14911 | D:11     | Reached skill level 10 in Armour
 14911 | D:11     | Reached XP level 15. HP: 130/130 MP: 12/17
 15365 | Orc:1    | Entered Level 1 of the Orcish Mines
 15862 | Orc:2    | Entered Level 2 of the Orcish Mines
 15906 | Orc:2    | Found a staircase to the Elven Halls.
 16008 | Orc:2    | Found Naece's Magic Scroll Emporium.
 16012 | Orc:2    | Found Kegaush's General Store.
 16012 | Orc:2    | Found Okhlocue's Armour Shoppe.
 16012 | Orc:2    | Found Riuxtiyr's Book Shop.
 16030 | Orc:2    | Reached skill level 15 in Shields
 16098 | Orc:2    | Bought a scroll of fog for 30 gold pieces
 16098 | Orc:2    | Bought a scroll of identify for 30 gold pieces
 16098 | Orc:2    | Bought a scroll of identify for 30 gold pieces
 16098 | Orc:2    | Bought a scroll of enchant weapon for 112 gold pieces
 16236 | Orc:2    | Reached skill level 17 in Axes
 16597 | Lair:1   | Entered Level 1 of the Lair of Beasts
 16697 | Lair:1   | Reached XP level 16. HP: 143/143 MP: 18/18
 17479 | Lair:2   | Got a pitted diamond amulet
 17573 | Lair:2   | Noticed Urug
 17576 | Lair:2   | Found a staircase to the Shoals.
 17584 | Lair:2   | Killed Urug
 17793 | Lair:2   | Noticed Gastronok
 17815 | Lair:2   | Killed Gastronok
 18103 | Lair:3   | Noticed Snorg
 18117 | Lair:3   | Killed Snorg
 19124 | Lair:3   | Identified the amulet "Roroguf" {Spirit Stlth+} (You found it on level 2 of the Lair of Beasts)
 19163 | Lair:4   | Noticed Rupert
 19192 | Lair:4   | Killed Rupert
 19303 | Lair:4   | Found a dark tunnel.
 19326 | Volcano  | Entered a volcano
 19393 | Volcano  | Killed Toogi's ghost
 19444 | Volcano  | Found a radiant altar of Vehumet.
 19569 | Volcano  | Received a gift from Trog
 19649 | Lair:4   | Noticed Kirke
 19660 | Lair:4   | Noticed Nergalle
 19670 | Lair:4   | Killed Kirke
 19673 | Lair:4   | Killed Nergalle
 19719 | Lair:4   | Noticed ShornTheSheep's ghost (journeyman GrBe)
 19759 | Lair:4   | Killed ShornTheSheep's ghost
 20048 | Lair:4   | Found a staircase to the Snake Pit.
 20827 | Lair:5   | Reached skill level 18 in Axes
 21021 | Lair:5   | Found a staircase to the Slime Pits.
 21021 | Lair:5   | Found a viscous altar of Jiyva.
 21507 | Lair:6   | Entered Level 6 of the Lair of Beasts
 21672 | Lair:6   | Paralysed by a hornet for 3 turns
 21690 | Lair:6   | Paralysed by a hornet for 2 turns
 21920 | Lair:6   | Reached XP level 17. HP: 154/154 MP: 15/18
 22918 | Snake:1  | Entered Level 1 of the Snake Pit
 22947 | Snake:1  | Reached skill level 15 in Fighting
 22972 | Snake:1  | Received a gift from Trog
 23287 | Snake:1  | Noticed Louise
 23321 | Snake:1  | Killed Louise
 23485 | Snake:1  | Noticed Josephine
 23497 | Snake:1  | Killed Josephine
 23696 | Snake:1  | Found Taupupi's Gadget Boutique.
 23697 | Snake:1  | Found Syubloutt's Jewellery Shoppe.
 23697 | Snake:1  | Found Guzo's Jewellery Shoppe.
 23958 | Snake:2  | Reached skill level 19 in Axes
 24077 | Snake:2  | Got a pair of heavily runed gloves
 24083 | Snake:2  | Identified the +1 pair of gloves "Rostuetz" {Regen+} (You found it on level 2 of the Snake Pit)
 24283 | Snake:2  | Received a gift from Trog
 25098 | Snake:3  | Found Dulyaruiwk's Antique Armour Shop.
 25098 | Snake:3  | Found Enaz Fau's Assorted Antiques.
 25098 | Snake:3  | Found Muonuc's Armour Shop.
 25452 | Snake:4  | Entered Level 4 of the Snake Pit
 25511 | Snake:3  | Noticed Azrael
 25513 | Snake:3  | Noticed Jorgrun
 25527 | Snake:3  | Killed Jorgrun
 25527 | Snake:3  | Reached XP level 18. HP: 166/166 MP: 16/19
 25536 | Snake:3  | Killed Azrael
 25750 | Snake:3  | Noticed Vashnia
 25781 | Snake:3  | Killed Vashnia
 25963 | Snake:3  | Received a gift from Trog
 26484 | Snake:4  | Gained mutation: Your magical capacity is very low. (-20% MP) [mutagenic meat]
 26485 | Snake:4  | Gained mutation: Your magical capacity is extremely low. (-30% MP) [mutagenic meat]
 26487 | Snake:4  | Gained mutation: Your muscles are strong. (Str +2) [mutagenic meat]
 26488 | Snake:4  | Lost mutation: Your muscles are strong. (Str +2) [mutagenic meat]
 26489 | Snake:4  | Lost mutation: You tend to lose your temper in combat. [mutagenic meat]
 26703 | Snake:4  | Reached skill level 20 in Axes
 26731 | Snake:4  | Received a gift from Trog
 26876 | Snake:4  | Reached XP level 19. HP: 136/177 MP: 12/16
 26882 | Snake:4  | Gained mutation: You have supernaturally acute eyesight. (SInv) [mutagenic meat]
 26883 | Snake:4  | Lost mutation: Your spells are a little harder to cast, but a little more powerful. [mutagenic meat]
 26884 | Snake:4  | Lost mutation: Your magical capacity is extremely low. (-30% MP) [mutagenic meat]
 26885 | Snake:4  | Lost mutation: You are partially covered in slimy green scales. (AC +2) [mutagenic meat]
 26886 | Snake:4  | Gained mutation: Potions are less effective at restoring your health. [mutagenic meat]
 26955 | Snake:4  | Got a serpentine rune of Zot
 27785 | Shoals:1 | Entered Level 1 of the Shoals
 28160 | Shoals:1 | Received a gift from Trog
 29640 | Shoals:3 | Found Xeaceph's General Store.
 29737 | Shoals:3 | Found Efus's Food Shop.
 29967 | Shoals:3 | Found Iruhosed's General Store.
 30044 | Shoals:3 | Received a gift from Trog
 30044 | Shoals:3 | Reached skill level 21 in Axes
 30106 | Shoals:3 | Bought a scroll of identify for 28 gold pieces
 30152 | Shoals:3 | Found Libliucw's Antique Weapon Boutique.
 30445 | Shoals:4 | Entered Level 4 of the Shoals
 30494 | Shoals:4 | Reached XP level 20. HP: 134/189 MP: 5/19
 30748 | Shoals:4 | Noticed Ilsuiw
 30824 | Shoals:4 | Killed Ilsuiw
 30937 | Shoals:4 | Noticed Nikola
 30956 | Shoals:4 | Received a gift from Trog
 30977 | Shoals:4 | Killed Nikola
 31202 | Shoals:4 | Got an ichor-stained chain mail
 31214 | Shoals:4 | Identified the cursed +0 chain mail of the Loofah {Regen+ rCorr MP+9 Stlth+} (You found it on level 4 of the Shoals)
 31314 | Shoals:4 | Got a barnacled rune of Zot
 31741 | Vaults:1 | Entered Level 1 of the Vaults
 32093 | Temple   | Fell from the grace of Trog
 32093 | Temple   | Became a worshipper of Makhleb the Destroyer
 32231 | Elf:1    | Entered Level 1 of the Elven Halls
 32571 | Elf:1    | Gained mutation: You have a pair of small horns on your head. [a neqoxec]
 32578 | Elf:1    | Gained mutation: You are frail. (-10% HP) [a neqoxec]
 32783 | Elf:1    | Reached * piety under Makhleb
 32802 | Elf:1    | Found Ehauph's General Store.
 33244 | Elf:2    | Cast into level 2 of the Abyss (a deep elf demonologist)
 33331 | Elf:2    | Escaped the Abyss
 33401 | Elf:2    | Found Tyonuux's Weapon Shop.
 33463 | Elf:2    | Reached ** piety under Makhleb
 33469 | Elf:2    | Found a runed door.
 33498 | Elf:2    | Found a runed door.
 33599 | Elf:2    | Reached skill level 22 in Axes
 33637 | Elf:2    | Found a portal to a secret trove of treasure.
 34094 | Elf:2    | Reached skill level 15 in Armour
 34178 | Elf:2    | Reached XP level 21. HP: 170/180 MP: 18/20
 34252 | Elf:2    | Reached *** piety under Makhleb
 34335 | Elf:2    | HP: 9/180 [stone giant[the rage of Trog] (41)]
 34335 | Elf:2    | Mangled by a stone giant

Skill      XL: |  1  2  3  4  5  6  7  8  9 10 11 12 13 14 15 16 17 18 19 20 |
---------------+-------------------------------------------------------------+-----
Fighting       | 4 5 6 7 8 9 10 11 13 14 15 17 18 19 | 19.7
Dodging        | 2 3 4 5 6 7 8 9 |  9.4
Axes           | 5 7 8 10 11 13 14 15 16 17 18 19 20 21 22 | 22.1
Shields        | 1 2 3 4 6 8 9 11 13 15 17 18 19 20 21 | 21.0
Armour         | 3 4 6 7 8 9 10 11 12 13 14 15 | 15.1
Evocations     | 1 3 |  3.4
Spellcasting   | 1 2 |  2.7
Fire Magic     | 2 4 |  4.0

Action                   |  1- 3 |  4- 6 |  7- 9 | 10-12 | 13-15 | 16-18 | 19-21 || total
-------------------------+-------+-------+-------+-------+-------+-------+-------++-------
Melee: Hand axe          |   130 |   138 |   436 |   942 |   123 |       |       ||  1769
       War axe           |       |       |       |    82 |   296 |  1600 |  1406 ||  3384
       Headbutt          |       |       |       |       |       |       |    69 ||    69
Invok: Trog's Hand       |     1 |     4 |     1 |     6 |     1 |     1 |     3 ||    17
       Berserk           |       |     2 |     2 |     2 |     3 |    12 |     3 ||    24
       Burn Spellbooks   |       |       |     1 |     2 |     1 |     2 |     6 ||    12
       Brothers in Arms  |       |       |       |     1 |     3 |     3 |       ||     7
 Abil: Evoke Flight      |       |       |       |     9 |    10 |     1 |       ||    20
       Stop Flying       |       |       |       |     1 |       |       |       ||     1
Evoke: Wand              |       |       |       |       |       |     1 |     1 ||     2
  Use: Scroll            |       |       |    11 |     4 |    13 |    18 |     7 ||    53
       Potion            |       |       |       |     6 |     3 |     1 |     1 ||    11
 Stab: Distracted        |       |       |       |       |       |       |     4 ||     4
  Eat: Chunk             |     2 |     5 |    12 |    29 |    19 |    41 |    34 ||   142
       Meat ration       |       |     1 |       |     1 |     2 |     1 |       ||     5
       Bread ration      |       |       |       |       |       |     2 |       ||     2
Armor: Animal skin       |    40 |       |       |       |       |       |       ||    40
       Ring mail         |     3 |    47 |    63 |   110 |       |       |       ||   223
       Chain mail        |       |       |       |   135 |   118 |   123 |     8 ||   384
       Plate armour      |       |       |       |       |       |   504 |   546 ||  1050
Dodge: Dodged            |    57 |    54 |   172 |   526 |   212 |   793 |   806 ||  2620
Block: Shield            |    55 |    59 |   183 |   597 |   274 |   978 |       ||  2146
       Large shield      |       |       |       |       |       |   474 |   559 ||  1033
       Buckler           |       |       |       |       |       |       |   603 ||   603
